[Event "Frauenbundesliga 2021-22"]
[Site "Germany"]
[Date "2022.05.29"]
[Round "11.6"]
[White "Genova, Lyubka"]
[Black "Schuster, Rebekka"]
[Result "1-0"]
[ECO "C00"]
[WhiteElo "2225"]
[BlackElo "1830"]
[Annotator "TA"]
[PlyCount "45"]
[EventDate "2021.11.26"]
[EventType "team-tourn"]
[EventCountry "GER"]
[SourceTitle "playchess.com"]
[Source "ChessBase"]
[SourceQuality "1"]
[WhiteTeam "Hamburger SK"]
[BlackTeam "Loeberitz"]
[TimeControl "40/5400+30:1800+30"]

1. e4 e6 2. d3 d5 3. Qe2 Nf6 4. Nf3 Be7 5. g3 c5 6. Bg2 Nc6 7. O-O b6 8. e5 Nd7 9. c4 dxc4 (9... O-O) 10. dxc4 Bb7 11. Rd1 (11. Nc3) 11... Qc7 12. Nc3 a6 (12... Rd8 $11) 13. h4 {[%emt 0:10:14] White is more active. C00: French: Unusual White 2nd moves.} ({Better is} 13. Bf4 $16) 13... O-O-O 14. Bf4 h6 {[%emt 0:02:12][%cal Og7g5] [#]} 15. Ne4 $146 {[%emt 0:12:00] Inhibits g5.} (15. Nd5 $1 $16 Qb8 16. Rd2 (16. Nxe7+ Nxe7 17. h5 g5 $14)) ({Predecessor:} 15. Nd5 Qb8 16. Rac1 Rhg8 17. h5 Qa8 18. a3 Rge8 19. b4 cxb4 20. axb4 Nxb4 21. Nxe7+ Rxe7 {1-0 (38) Bachmann,A (2633)-Alinasab,M (2280) Chess.com INT 2019}) 15... Ndxe5 $11 16. Nxe5 Nxe5 17. Nxc5 Qxc5 $4 {[%emt 0:03:54][%mdl 8192] [#] Loses the game.} (17... Bxg2 $11 {and Black has nothing to worry.} 18. Kxg2 Qc6+ 19. Ne4 Ng6) 18. b4 $1 $18 ({And not} 18. Qxe5 Qxe5 19. Bxe5 f6 $11) ({Inferior is} 18. Bxe5 Bxg2 19. Kxg2 f6 $11) 18... Nf3+ 19. Bxf3 Qf5 20. Bxb7+ Kxb7 21. Qf3+ Ka7 22. Qc6 {[%emt 0:00:23][%cal Oc4c5] c5! would kill now.} Bf6 23. Be3 {[%emt 0:04:16] Weighted Error Value: White=0.26 (precise) /Black=1.55} 1-0

[Event "Frauenbundesliga 2021-22"]
[Site "Germany"]
[Date "2022.05.29"]
[Round "11.6"]
[White "Jelica, Mara"]
[Black "Daulyte-Cornette, Deimante"]
[Result "0-1"]
[ECO "B33"]
[WhiteElo "2121"]
[BlackElo "2372"]
[Annotator "TA"]
[PlyCount "100"]
[EventDate "2021.11.26"]
[EventType "team-tourn"]
[EventCountry "GER"]
[SourceTitle "playchess.com"]
[Source "ChessBase"]
[SourceQuality "1"]
[WhiteTeam "Deizisau"]
[BlackTeam "Schwaebisch Hall"]
[TimeControl "40/5400+30:1800+30"]

1. e4 c5 2. Nf3 Nc6 3. d4 cxd4 4. Nxd4 Nf6 5. Nc3 e5 6. Ndb5 d6 7. Bg5 a6 8. Na3 Be6 9. Nc4 {[%emt 0:05:52] B33: Sicilian: Pelikan and Sveshnikov Variations.} Rb8 10. Ne3 (10. g3 $14) 10... Be7 $11 11. Bxf6 {[%emt 0:00:59] The position is equal.} Bxf6 12. Ncd5 Bg5 13. a4 O-O 14. h4 {[%emt 0:00:59] [#]} (14. c3 $11) 14... Bxe3 $146 ({Predecessor:} 14... Bh6 15. g4 Bf4 16. c3 Ne7 17. Nxf4 exf4 18. Ng2 Ng6 19. Be2 d5 {0-1 (37) Kosteniuk,A (2513)-Harika,D (2517) Chess.com INT 2022}) 15. Nxe3 Qb6 16. Qxd6 Qxb2 17. Qa3 {[%emt 0:00:14] Against Qc3+} Qd4 18. Bd3 Nb4 ({Black should play} 18... b5 $17 {aiming for ...b4.} 19. axb5 axb5) 19. O-O Rfc8 {[%emt 0:02:14] [#] Inhibits c3. And now ...Rc3 would win.} 20. Rab1 a5 21. Qb2 Rc3 {[%emt 0:16:00] 0x0.001259660f4edp-1022s more active pieces.} 22. Rfd1 Nxd3 (22... Rc5 {keeps more tension.} 23. Qa3 Qc3 24. Qxc3 Rxc3 25. Bf1 Kf8) 23. cxd3 Rxd3 (23... h6 $5 ) 24. Qb5 (24. Qc2 $11 Rxd1+ 25. Rxd1) 24... Rxd1+ $17 25. Rxd1 Qxe4 26. Qxa5 {[%emt 0:00:35][%cal Oa5d8] [#] Intending Qd8+! and mate.} h6 27. Rd8+ Rxd8 28. Qxd8+ {[%emt 0:00:02][%mdl 4096] Endgame KQB-KQN} Kh7 29. a5 f5 (29... Qb1+ $17 30. Qd1 Qxd1+ 31. Nxd1 Kg6) 30. Qc7 $2 {[%emt 0:06:47][%mdl 8192] Black continues to play with concentration.} (30. Qd6 $11 {and White is okay.} f4 31. Qxe6 fxe3 32. fxe3) 30... f4 $19 31. Qc2 Qxc2 32. Nxc2 {[%emt 0:00:01] KB-KN} Bc4 33. g3 Kg6 34. Kg2 Kf5 35. gxf4 $2 (35. Ne1) 35... exf4 {[%emt 0:00:16] Threatens to win with ...Kg4.} 36. Kf3 Bd5+ 37. Ke2 Kg4 38. Kd3 Kf3 {[%emt 0:01:34] ( -> ...Be4+)} 39. Kd4 Bb3 40. Nb4 Kxf2 41. Nd3+ Kg3 42. Nc5 Bc2 {[%emt 0:00:00] White must now prevent ...f3.} 43. Nxb7 f3 44. a6 f2 45. a7 f1=Q 46. a8=Q Qf6+ (46... Qd3+ $142 47. Kc5 Qc3+ 48. Kd5 Qb3+ 49. Ke5 Qe3+ 50. Kd6 Be4 51. Qa6 Qf4+ 52. Ke7 Qc7+ 53. Ke8 Qc8+ 54. Kf7 Qxb7+ 55. Qxb7 Bxb7 56. h5 Kg4 57. Kg8 Kxh5 58. Kxg7 Kg5 59. Kf8 h5 60. Ke8 h4 61. Kd8 h3 62. Kc7 Bf3 63. Kd7 h2 64. Kd6 h1=Q 65. Kc5 Be2 66. Kd4 Qc1 67. Ke5 Qc5+ 68. Ke6 Qc7 69. Kd5 Kf5 70. Kd4 Qe5#) 47. Kc5 Qc3+ {[%emt 0:00:00] Black mates.} 48. Kb6 Qb4+ 49. Kc7 Be4 50. Kd8 Qf8+ {[%emt 0:00:00] Weighted Error Value: White=1.11/Black=0.26 (precise)} 0-1

[Event "Frauenbundesliga 2021-22"]
[Site "Germany"]
[Date "2022.05.29"]
[Round "11.6"]
[White "Krasnodebska, Magdalena"]
[Black "Kubikova, Alena"]
[Result "1-0"]
[ECO "B04"]
[WhiteElo "2092"]
[BlackElo "2093"]
[Annotator "TA"]
[PlyCount "133"]
[EventDate "2021.11.26"]
[EventType "team-tourn"]
[EventCountry "GER"]
[SourceTitle "playchess.com"]
[Source "ChessBase"]
[SourceQuality "1"]
[WhiteTeam "Lehrte"]
[BlackTeam "Rodewisch"]
[TimeControl "40/5400+30:1800+30"]

1. e4 g6 2. d4 Bg7 3. Nf3 d6 4. Bc4 c6 5. c3 Nf6 6. e5 dxe5 7. Nxe5 Nd5 8. O-O O-O 9. Nd2 {[%emt 0:00:00] [#] B04: Alekhine's Defence: 4 Nf3.} e6 $146 ({Predecessor:} 9... Nd7 10. Nd3 a5 11. Nf3 a4 12. a3 N7f6 13. h3 b6 14. Re1 Qc7 15. Nb4 Rd8 16. Bg5 Bb7 {0-1 (57) Savchenko,B (2564)-Sadhwani,R (2545) Chess.com INT 2020}) 10. Ndf3 Nd7 11. Re1 {[%emt 0:00:00] White is slightly better.} N7f6 ({Black should try} 11... Qc7 $14) 12. Qc2 Qc7 13. b3 (13. Bd2 $16) 13... Ne7 (13... b6 $11) 14. Ba3 $16 {[%emt 0:00:00] White is much more active. The black rooks are badly placed.} Nfd5 15. Bd3 b5 (15... a5 $14) 16. c4 $18 b4 17. Bc1 ({Much less strong is} 17. cxd5 $6 bxa3 18. dxe6 (18. dxc6 f6 $16) (18. Nxc6 Nxd5 19. Be4 Kh8 $14) 18... Bxe6 $16) 17... Nb6 18. Bf4 Qd8 19. Be4 (19. Qd2 $18) 19... Bb7 (19... Qe8 $16) 20. Qd2 f6 21. Ng4 (21. Nd3 $18) 21... f5 $16 22. Nh6+ Bxh6 23. Bxh6 fxe4 {[%emt 0:00:23] [#]} 24. Bxf8 ({White must play} 24. Ng5 $1 $16 Rf6 25. Nxe4) 24... exf3 $11 ({Resist} 24... Qxf8 25. Ng5 $16 (25. Rxe4 c5 $11)) 25. Bh6 {[%emt 0:01:08] [#]} (25. Bxe7 $11 {was the only way to keep the balance.} Qxe7 26. Qe3) 25... Nf5 $1 $17 {[%emt 0:00:57] And now ...Qh4 would win.} 26. Rxe6 Qxd4 $2 (26... Nxd4 $17 {and life is bright.} 27. Qe3 Nf5) 27. Qxd4 $16 {[%emt 0:00:17] Chess con chili.} Nxd4 28. Re7 Nf5 {[%emt 0:01:00] Against Rg7+} 29. Rxb7 Nxh6 30. gxf3 Nf5 31. Re1 (31. Rd1 $16) 31... Rd8 $1 $11 32. Rxa7 Nd4 $2 (32... c5 $11) 33. Kg2 $2 (33. Ree7 $18) 33... Nc8 34. Rc7 h5 $2 (34... Nd6 $11) 35. Re4 (35. Rd1 $18) 35... Nf5 $16 36. Rxc6 Nce7 37. Rc7 Kf7 38. c5 Kf6 39. Rxb4 (39. Rb7 $16) 39... Nd5 $11 40. Rc6+ Kg5 41. Re4 {[%emt 0:31:06] aiming for Kf1.} Nh4+ $2 {[%emt 0:07:58][%mdl 8192] Pair of Knights! Black is now going downhill.} (41... Nf4+ $11 {and Black is okay.} 42. Kf1 Rd1+ 43. Re1 Rd2) 42. Kf1 $18 {[%emt 0:00:00] Black must now prevent Rd6.} Nf4 (42... Nf5 $142 43. h4+ Kh6) 43. Rd6 {[%emt 0:00:00] White is clearly winning.} Ra8 (43... Rc8 $142 44. Rdd4 Nf5 45. h4+ Kh6) 44. Rdd4 Nhg2 45. a4 Kf5 46. c6 {[%emt 0:00:00] Threatens to win with c7.} Rc8 47. Rc4 Rd8 48. Rc1 g5 49. c7 Rc8 50. Rd4 Ne6 {[%emt 0:00:27] Prevents Rd8.} 51. Rd8 Nxd8 52. cxd8=Q ({Worse is} 52. Kxg2 Ne6 $11) 52... Rxd8 53. Kxg2 {[%emt 0:00:00][%mdl 4096] Endgame KR-KR} Rb8 54. Rc5+ Kf4 55. Rc4+ Ke5 56. b4 Kd5 57. Rc5+ Kd6 58. Rb5 Rg8 59. a5 Kc6 60. Rc5+ Kb7 61. b5 {[%emt 0:00:00] Rf5 is the strong threat.} Rg7 62. Re5 Ka7 63. Kf1 g4 64. Rxh5 gxf3 65. Rf5 Rb7 66. h4 Rd7 67. Rxf3 {[%emt 0:00:00] Weighted Error Value: White=0.34/Black=0.69} 1-0

[Event "Frauenbundesliga 2021-22"]
[Site "Germany"]
[Date "2022.05.29"]
[Round "11.6"]
[White "Koehler, Inken"]
[Black "Just, Anita"]
[Result "1/2-1/2"]
[ECO "A21"]
[WhiteElo "2002"]
[BlackElo "1895"]
[Annotator "TA"]
[PlyCount "107"]
[EventDate "2021.11.26"]
[EventType "team-tourn"]
[EventCountry "GER"]
[SourceTitle "playchess.com"]
[Source "ChessBase"]
[SourceQuality "1"]
[WhiteTeam "Harksheide"]
[BlackTeam "Leipzig"]
[TimeControl "40/5400+30:1800+30"]

1. c4 e5 2. Nc3 f5 3. g3 Nf6 4. Bg2 Bb4 5. Qc2 Bxc3 6. bxc3 {[%emt 0:01:00] A21: English Opening: 1...e5 2 Nc3.} d6 {[%emt 0:00:55] [#]} 7. Ba3 $146 (7. d4 $11) ({Predecessor:} 7. Rb1 Nc6 8. Qa4 Qd7 9. e3 O-O 10. Ne2 e4 11. O-O Ne5 12. Qxd7 Nfxd7 13. Nd4 Nb6 {1-0 (46) Santos Neto,A (1672)-Aguiar,L (1560) Curitiba 2016}) 7... c5 $15 8. Nh3 {[%emt 0:01:42] Black is slightly better.} O-O 9. O-O Nc6 10. Rab1 Qe7 11. f3 Qf7 12. d3 Qh5 (12... f4 $5) 13. Qd2 f4 14. g4 Nxg4 15. fxg4 $11 Bxg4 16. Nxf4 exf4 $17 17. Rxf4 g5 $2 (17... Bh3 $17 18. Bd5+ Kh8 19. Rxf8+ Rxf8) 18. Rxf8+ $14 Rxf8 19. Rxb7 (19. Qe3 $16 Bc8 20. Rf1) 19... Bxe2 {[%emt 0:15:09] Hoping for ...Ne5.} 20. Rb2 $2 (20. Bxc6 $2 {leads to mate.} Rf1+ 21. Kg2 Qg4#) (20. Bd5+ $2 Kh8 21. Qe1 (21. Bxc6 $2 Rf1+ 22. Kg2 Qg4#) 21... Ne5 $19) (20. d4 $1 $11) 20... Bf3 $19 21. Qe3 (21. Bxf3 Qxf3 22. Qe2) 21... Bxg2 22. Kxg2 Ne5 {[%emt 0:00:59] White must now prevent ...Rf3.} (22... Qg4+ 23. Qg3 Qd1 24. Rf2 Rxf2+ 25. Kxf2 Qc2+ 26. Ke3 Qxc3 27. Qxg5+ Kf8 28. Qd5 (28. Qf4+ $2 Ke7 $19) 28... Qe1+ 29. Kf4 Qh4+ 30. Ke3 Qh6+ 31. Kf3 Qxh2 32. Qf5+ Ke7 33. Qg5+ Ke8 34. Qg8+ Kd7 35. Qg7+ Ne7 36. Qg4+ Ke8 37. Qg2 Qxg2+ 38. Kxg2 $19) 23. Qe4 Qf7 $2 (23... Ng6 {( -> ...Nh4+)} 24. Bxc5 Nf4+ 25. Kh1 Re8) 24. Qd5 Qxd5+ 25. cxd5 Nxd3 {[%emt 0:00:16][%mdl 4096] Endgame KRB-KRN} 26. Rd2 (26. Rb7 {was necessary.}) 26... Ne5 (26... Ne1+ $142 27. Kg3 h5) 27. Re2 Nc4 28. Bc1 Rf5 29. Re4 Nb6 (29... Ne5 $142 30. Be3 Kf7) 30. c4 $17 Kf7 31. Rg4 ({White has to play} 31. h4 $1 $15) 31... h6 32. Re4 Re5 33. Rxe5 dxe5 {[%emt 0:00:01] KB-KN} 34. Be3 Nxc4 35. Bxc5 {[%emt 0:00:01] [#]} Nb6 (35... a6 $1 $17 {Threatens to win with ...Kf6.} 36. Kf3 Kf6) 36. Kf3 $11 Nxd5 37. Bxa7 Nc3 38. a3 Ke6 39. Bc5 h5 40. Bb4 {[%emt 0:00:28] [#]} Nd5 (40... Na4 $1 $17) 41. Bd2 {[%emt 0:12:03] The position is equal.} Kf5 42. a4 g4+ 43. Kg3 Ke4 44. Kh4 Kd3 45. Bg5 Ke4 46. Kxh5 Kf3 47. a5 Nb4 48. Bd2 Na6 49. Kh4 e4 50. Be1 e3 51. h3 gxh3 52. Kxh3 Ke2 53. Bh4 Kf3 54. Kh2 {[%emt 0:00:53] Weighted Error Value: White=0.47/Black=0.39} 1/2-1/2